 Dungeon Crawl Stone Soup version 0.22.1-1-ga44c0e5 (webtiles) character file.

246 Fang the Chopper (level 6, -4/38 HPs)
             Began as a Gargoyle Berserker on Nov 9, 2018.
             Was a Priest of Trog.
             Killed by divine providence
             ... invoked by an orc priest
              (14 damage)
             ... on level 4 of the Dungeon.
             The game lasted 00:05:54 (3751 turns).

Fang the Chopper (Gargoyle Berserker)               Turns: 3751, Time: 00:05:55

Health: -4/38      AC:  6    Str: 23    XL:     6   Next: 11%
Magic:  6/6        EV: 12    Int:  7    God:    Trog [***...]
Gold:   98         SH:  0    Dex:  9    Spells: 5/5 levels left

rFire    . . .     SeeInvis .   k - +0 war axe
rCold    + . .     Gourm    +   (no shield)
rNeg     + . .     Faith    .   b - +0 animal skin
rPois    ∞         Spirit   .   (no helmet)
rElec    +         Reflect  .   (no cloak)
rCorr    .         Harm     .   (no gloves)
MR       .....                  (no boots)
Stlth    +.........             f - amulet of the gourmand
HPRegen  0.12/turn              l - ring of protection from cold
MPRegen  0.10/turn              (no ring)

@: no status effects
A: negative energy resistance 1, electricity resistance, unbreathing,
petrification resistance, rot immunity, AC +4
a: Berserk, Trog's Hand, Renounce Religion


You were on level 4 of the Dungeon.
You worshipped Trog.
Trog was most pleased with you.
You were hungry.

You visited 1 branch of the dungeon, and saw 4 of its levels.

You collected 98 gold pieces.

Inventory:

Hand Weapons
 a - a +1 hand axe
 g - a +2 hand axe of freezing
 k - a +0 war axe (weapon)
Armour
 b - a +0 animal skin (worn)
Jewellery
 f - an amulet of the gourmand (around neck)
 l - a ring of protection from cold (left hand)
 m - an uncursed amulet of regeneration
Scrolls
 d - a scroll of teleportation
 e - 2 scrolls of identify
 j - a scroll of magic mapping
Potions
 h - a potion of heal wounds
Comestibles
 c - 5 rations


   Skills:
 + Level 4.1 Fighting
 + Level 5.1 Axes
 + Level 2.3 Armour
 + Level 2.4 Dodging


You had 5 spell levels left.
You didn't know any spells.
Your spell library was empty.

Dungeon Overview and Level Annotations

Branches:
Dungeon (4/15)
 Temple: D:4-7

Altars:
Dithmenos
Qazlal
Zin


Innate Abilities, Weirdness & Mutations

You are resistant to torment.
Your stone body is resilient. (AC +4)
You are immune to poison.
You resist negative energy. (rN+)
You are resistant to electric shocks. (rElec)
You can survive without breathing.
You are immune to petrification.
You are immune to rotting.


Message History

You closely miss the orc priest.
The orc priest hits you but does no damage.
The orc wizard closely misses you. The orc barely misses you.
Unknown command.
You hit the orc wizard.
The orc wizard is lightly wounded.
You barely miss the orc. You barely miss the orc priest.
The orc priest miscasts a cantrip.
The orc wizard hits you but does no damage.
The orc barely misses you.
The orc priest hits you with a falchion.
* * * LOW HITPOINT WARNING * * *
You hit the orc wizard.
The orc wizard is lightly wounded.
You closely miss the orc. You completely miss the orc priest.
The orc wizard hits you but does no damage.
The orc barely misses you.
The orc priest calls down the wrath of Beogh upon you.
Beogh smites you!
You die...

#....$...#
#........#
#........#
#........#
##.......?#
#.....l...#
#..ooo..#
#@# #)# #<#
#)# #.# #.#
#.# #.# #.#


You could see an iguana, an orc priest, an orc wizard and an orc.

Vanquished Creatures
  3 orc wizards (D:3)
  Robin (D:2)
  4 adders
  An ooze (D:2)
  A worm (D:2)
  2 dart slugs (D:2)
  2 leopard geckos
  6 orcs
  9 bats
  5 giant cockroaches
  18 goblins
  10 hobgoblins
  6 jackals
  A quokka (D:2)
  4 frilled lizards
  8 kobolds
  20 rats
101 creatures vanquished.

Notes
Turn   | Place    | Note
-------+----------+-------------------------------------------
     0 | D:1      | Fang the Gargoyle Berserker began the quest for the Orb.
     0 | D:1      | Reached XP level 1. HP: 14/14 MP: 1/1
    53 | D:1      | Reached XP level 2. HP: 9/19 MP: 2/2
    56 | D:1      | Reached skill level 3 in Axes
   485 | D:1      | Reached ** piety under Trog
   645 | D:1      | Reached XP level 3. HP: 19/24 MP: 3/3
  1654 | D:2      | Reached XP level 4. HP: 16/29 MP: 4/4
  1806 | D:2      | Found a shadowy altar of Dithmenos.
  1811 | D:2      | Reached skill level 4 in Axes
  1999 | D:2      | Noticed Robin
  2003 | D:2      | Reached *** piety under Trog
  2009 | D:2      | Killed Robin
  2009 | D:2      | Reached XP level 5. HP: 28/33 MP: 5/5
  2796 | D:3      | Found a stormy altar of Qazlal.
  2972 | D:3      | Found a glowing silver altar of Zin.
  3141 | D:3      | Found a glowing drain.
  3181 | D:3      | Reached skill level 5 in Axes
  3701 | D:3      | Reached XP level 6. HP: 34/38 MP: 6/6
  3751 | D:4      | Killed from afar by an orc priest

Skill      XL: |  1  2  3  4  5 |
---------------+----------------+-----
Axes           | 3 4 5 |  5.1
Dodging        | 2 |  2.4
Fighting       | 4 |  4.1
Armour         | |  2.3

Action                   |  1- 3 |  4- 6 || total
-------------------------+-------+-------++-------
Melee: Hand axe          |   138 |    89 ||   227
       War axe           |       |    83 ||    83
Invok: Berserk           |     2 |     2 ||     4
  Use: Scroll            |       |    10 ||    10
  Eat: Chunk             |     3 |     9 ||    12
Armor: Animal skin       |    73 |    73 ||   146
Dodge: Dodged            |   135 |   168 ||   303
